 Dungeon Crawl Stone Soup version 0.20.1-1-g8b1a95d (webtiles) character file.

224 slep the Skirmisher (level 5, -5/42 HPs)
             Began as a Demonspawn Fighter on Nov 1, 2017.
             Killed by divine providence
             ... invoked by an orc priest
              (9 damage)
             ... on level 3 of the Dungeon.
             The game lasted 00:12:28 (2820 turns).

slep the Skirmisher (Demonspawn Fighter)            Turns: 2820, Time: 00:12:32

Health: -5/42      AC:  6    Str: 17    XL:     5   Next: 67%
Magic:  0/5        EV:  7    Int:  9    God:
Gold:   254        SH:  9    Dex: 15    Spells: 4/4 levels left

rFire    . . .     SeeInvis .   a - +0 long sword
rCold    . . .     Gourm    .   c - +0 shield
rNeg     . . .     Faith    .   b - +0 scale mail
rPois    .         Spirit   +   (no helmet)
rElec    .         Reflect  .   (no cloak)
rCorr    .         Harm     .   (no gloves)
MR       .....                  (no boots)
Stlth    ++........             (no amulet)
Regen    0.2/turn               (no ring)
MPRegen  0.1/turn               (no ring)

@: no status effects
A: thin skeletal structure 1, nightstalker 1, magic shield
a: no special abilities


You were on level 3 of the Dungeon.
You were not hungry.

You visited 1 branch of the dungeon, and saw 3 of its levels.

You collected 254 gold pieces.

Inventory:

Hand Weapons
 a - a +0 long sword (weapon)
 q - a +4 short sword of flaming
 v - a +1 mace of protection
 w - a cursed -3 short sword
Missiles
 e - 4 silver tomahawks (quivered)
Armour
 b - a +0 scale mail (worn)
 c - a +0 shield (worn)
Scrolls
 h - 2 scrolls of remove curse {unknown}
 i - a scroll of amnesia {unknown}
 j - 6 scrolls of identify {unknown}
 k - a scroll of recharging {unknown}
 l - a scroll of immolation {unknown}
 m - a scroll of teleportation {unknown}
 n - a scroll of fear {unknown}
 o - a scroll of enchant armour {unknown}
Potions
 d - a potion of might
 r - a potion of curing {unknown}
 s - a potion of mutation {unknown}
 t - a potion of agility {unknown}
 u - a potion of berserk rage {unknown}
Comestibles
 f - 4 bread rations
 g - 3 fruits
 p - 3 chunks of flesh
 x - a meat ration


   Skills:
 + Level 4.0 Fighting
 + Level 3.7 Long Blades
 + Level 3.4 Armour
 + Level 1.1 Dodging
 + Level 0.4 Stealth
 + Level 2.9 Shields


You had 4 spell levels left.
You didn't know any spells.

Dungeon Overview and Level Annotations

Branches:
Dungeon (3/15)

Altars:


Innate Abilities, Weirdness & Mutations

You have a somewhat thin skeletal structure. (Dex +2, Stealth)
You are slightly more attuned to the shadows.
When hurt, damage is shared between your health and your magic reserves.


Message History

The orc priest is severely wounded.
The orc priest mumbles some strange prayers to Beogh against you.
Beogh smites you! You block the orc priest's attack.
You hit the orc priest but do no damage.
The orc priest is heavily wounded.
You block the orc priest's attack.
You hit the orc priest.
The orc priest is severely wounded.
The orc priest casts a cantrip, but nothing happens.
The orc priest calls down the wrath of Beogh upon you.
Beogh smites you!
* * * LOW HITPOINT WARNING * * *
You hit the orc priest but do no damage.
The orc priest is severely wounded.
You block the orc priest's attack.
The orc priest calls upon Beogh to heal the orc priest.
The orc priest is healed somewhat.
The orc priest mumbles some strange prayers to Beogh against you.
Beogh smites you!
You die...

#..<#.#.#.# #.#.#.#.#.#
#.#.#...#.# ########
#########.#.#.#.#.##........#####
)..................'........'....
#########.#.#.###.##........#####
#.#.#.....##........#
#.#'#####oo#........#####
#.......@#.#........##..)
#######........#..........#..##
#..............##o..........###
#.#............o..###o####..##.
#.#............##.(##.# #..#..
#.#............##..##.# #..#⌠.
#.#.......#######...#.# ##.#..
#.#.......# #.....#.# #.##.
#.######### #.#...#.# #.###


You could see 3 orc priests.

Vanquished Creatures
  2 orc priests (D:3)
  2 orc wizards (D:3)
  A worker ant (D:3)
  An adder (D:2)
  An ooze (D:3)
  A worm (D:3)
  2 leopard geckos (D:3)
  13 orcs (D:3)
  9 bats
  A giant cockroach (D:2)
  A goblin (D:1)
  5 hobgoblins
  5 jackals
  3 frilled lizards
  6 kobolds
  11 rats
64 creatures vanquished.

Notes
Turn   | Place    | Note
-------+----------+-------------------------------------------
     0 | D:1      | slep the Demonspawn Fighter began the quest for the Orb.
     0 | D:1      | Reached XP level 1. HP: 18/18 MP: 1/1
   236 | D:2      | Gained mutation: You have a somewhat thin skeletal structure. (Dex +2, Stealth) [demonic ancestry]
   236 | D:2      | Reached XP level 2. HP: 24/24 MP: 2/2
  1165 | D:2      | Gained mutation: You are slightly more attuned to the shadows. [demonic ancestry]
  1165 | D:2      | Reached XP level 3. HP: 29/29 MP: 3/3
  1967 | D:3      | Reached XP level 4. HP: 13/36 MP: 4/4
  2345 | D:3      | Gained mutation: When hurt, damage is shared between your health and your magic reserves. [demonic ancestry]
  2345 | D:3      | Reached XP level 5. HP: 28/42 MP: 5/5
  2478 | D:3      | Reached skill level 4 in Fighting
  2478 | D:3      | Reached skill level 1 in Dodging
  2820 | D:3      | Killed from afar by an orc priest

Skill      XL: |  1  2  3  4  5 |
---------------+----------------+-----
Long Blades    | 2 3 |  3.7
Armour         | 3 |  3.4
Fighting       | 4 |  4.0
Dodging        | 1 |  1.1
Stealth        | |  0.4
Shields        | |  2.9

Action                   |  1- 3 |  4- 6 || total
-------------------------+-------+-------++-------
Melee: Long sword        |   139 |   109 ||   248
Throw: Tomahawk          |       |     2 ||     2
  Use: Potion            |       |     3 ||     3
 Stab: Sleeping          |     1 |       ||     1
  Eat: Chunk             |     4 |     3 ||     7
Armor: Scale mail        |    58 |    21 ||    79
       Skin              |       |     6 ||     6
Dodge: Dodged            |    22 |    23 ||    45
Block: Shield            |    68 |    43 ||   111
       Rpst.: Long sword |     3 |     7 ||    10
